 Dungeon Sprint DCSS version 0.21.0-3-g78d12a8 (webtiles) character file.

1219 wojtek the Cleaver (level 8, -4/79 (80) HPs)
             Began as a Minotaur Berserker on Jan 14, 2018.
             Was a High Priest of Trog.
             Slain by Snorg (16 damage)
             ... in the Dungeon (Sprint III: "The Ten Rune Challenge").
             The game lasted 00:02:47 (729 turns).

wojtek the Cleaver (Minotaur Berserker)              Turns: 729, Time: 00:02:47

HP:   -4/79 (80)    AC: 14    Str: 23    XL:     8   Next: 23%
MP:   7/7           EV: 11    Int:  4    God:    Trog [*****.]
Gold: 46            SH:  0    Dex: 11    Spells: 7/7 levels left

rFire    . . .     SeeInvis .   a - +0 hand axe
rCold    . . .     Gourm    .   (no shield)
rNeg     . . .     Faith    .   u - +0 plate armour
rPois    .         Spirit   .   (helmet restricted)
rElec    .         Reflect  .   (no cloak)
rCorr    .         Harm     .   (no gloves)
MR       .....     NoTele   +   (no boots)
Stlth    ..........             (no amulet)
HPRegen  0.23/turn              (no ring)
MPRegen  0.10/turn              (no ring)

@: no status effects
A: retaliatory headbutt, horns 2
a: Berserk, Trog's Hand, Brothers in Arms, Burn Spellbooks, Renounce Religion


You were in the Dungeon.
You worshipped Trog.
Trog was extremely pleased with you.
You were not hungry.

You visited 1 branch You collected 46 gold pieces.

Inventory:

Hand Weapons
 a - a +0 hand axe (weapon)
Missiles
 t - 6 steel javelins (quivered)
 v - 3 exploding tomahawks
Armour
 u - a +0 plate armour (worn)
Scrolls
 i - a scroll of blinking
 j - a scroll of magic mapping {unknown}
 l - a scroll of immolation {unknown}
 m - a scroll of amnesia {unknown}
 n - a scroll of enchant armour {unknown}
 p - a scroll of torment {unknown}
 q - 2 scrolls of identify
 r - a scroll of remove curse {unknown}
Potions
 d - a potion of curing
 e - a potion of heal wounds
 f - a potion of haste
 g - 2 potions of magic
 h - a potion of berserk rage
 k - 5 potions of mutation
 o - 3 potions of flight
Comestibles
 c - 3 rations


   Skills:
 + Level 10.4 Fighting
 * Level 13.7 Axes
 + Level 10.0 Armour
 + Level 9.2 Dodging


You had 7 spell levels left.
You didn't know any spells.

Dungeon Overview and Level Annotations

Branches:
Dungeon (1/1)

Altars:
Cheibriados
Dithmenos
Elyvilon
Fedhas
Gozag
Hepliaklqana
Kikubaaqudgha
Makhleb
Nemelex Xobeh
Okawaru
Qazlal
Ru
Sif Muna
Trog
Uskayaw
Vehumet
Wu Jian
Xom
Yredelemnul
Zin
The Shining One
Beogh
Jiyva
Lugonu

Annotations:
D Snorg


Innate Abilities, Weirdness & Mutations

You reflexively headbutt those who attack you in melee.
You have a pair of horns on your head.


Message History

Snorg bites your troll but does no damage.
Snorg claws your troll. Snorg claws your troll!!
There is an open door here.
Something bites your troll! Something claws your troll.
Something claws your troll! Something bites your troll!!
Something claws your troll!
Your troll dies!
Your troll's corpse disappears in a puff of smoke!
You slash Snorg! You headbutt Snorg.
Snorg is moderately wounded.
Snorg barely misses you. Snorg claws you! Snorg claws you.
* * * LOW HITPOINT WARNING * * *
Unknown command.
Snorg bites you but does no damage. Snorg barely misses you.
Snorg closely misses you.
There is an open door here.
Snorg bites you!
* * * LOW HITPOINT WARNING * * *
Snorg claws you!
You die...

▓ ▓▓▓ ♣♣ ♣.############
.♣♣ ♣.#___#___#__# ♣.♣
♣♣.#..)#__.#†_#
≈♣♣♣♣..###'#)###)##
≈♣..♣♣.#....[.....#
≈≈...♣.'.⌠......@.#
≈≈≈≈♣♣.#...######T#
≈≈≈....#.⌠.#__#...#+#####
≈≈.....#...#__#...#..≈≈§+
.......#)###__#...#.#≈§§#
.......#)..#__#...'.#§§.#
.......#___#__+...#.#.§.#
▓▓▓▓▓▓▓▓▓▓▓▓▓▓▓▓▓▓▓▓▓▓▓▓▓


You could see Snorg (berserk).

Vanquished Creatures
  A deep elf mage (D)
  A shadow (D)
  A spatial vortex (D)
  A necrophage (D)
  A water elemental (D)
  A wizard (D)
  A jelly (D)
  Jessica (D)
  A necromancer (D)
  3 humans (D)
  A kobold demonologist (D)
  An ooze (D)
  A phantom (D)
  2 rats (D)
17 creatures vanquished.

Vanquished Creatures (others)
  2 draconian scorchers (D)
  A hydra (D)
  6 hellions (D)
  A yaktaur (D)
  3 plants (D)
13 creatures vanquished.

Grand Total: 30 creatures vanquished

Notes
Turn   | Place    | Note
-------+----------+-------------------------------------------
     0 | D        | wojtek the Minotaur Berserker began the quest for the Orb.
     0 | D        | Reached XP level 1. HP: 19/19 MP: 0/0
     5 | D        | Reached skill level 4 in Axes
    16 | D        | Killed a yaktaur
    52 | D        | Noticed Jessica
    54 | D        | Reached ** piety under Trog
    58 | D        | Killed Jessica
    58 | D        | Reached skill level 5 in Axes
    58 | D        | Reached XP level 2. HP: 24/28 MP: 1/1
    58 | D        | Reached XP level 3. HP: 30/35 MP: 2/2
    77 | D        | Killed a hellion
   100 | D        | Killed a hellion
   101 | D        | Killed a hellion
   102 | D        | Killed a hellion
   126 | D        | Reached skill level 5 in Fighting
   126 | D        | Reached skill level 6 in Axes
   137 | D        | Killed a hellion
   137 | D        | Killed a hellion
   138 | D        | Killed a white draconian scorcher
   193 | D        | Reached *** piety under Trog
   216 | D        | Killed a white draconian scorcher
   231 | D        | Noticed a water elemental
   237 | D        | Killed a water elemental
   237 | D        | Reached skill level 8 in Axes
   237 | D        | Reached skill level 5 in Armour
   237 | D        | Reached skill level 5 in Dodging
   237 | D        | Reached XP level 4. HP: 44/44 MP: 3/3
   307 | D        | Found a radiant altar of Vehumet.
   307 | D        | Found a deep blue altar of Sif Muna.
   307 | D        | Found an ancient bone altar of Kikubaaqudgha.
   307 | D        | Noticed a wizard
   310 | D        | Killed a wizard
   310 | D        | Reached XP level 5. HP: 51/51 MP: 4/4
   311 | D        | Noticed a smoke demon
   312 | D        | Reached **** piety under Trog
   321 | D        | Received a gift from Trog
   360 | D        | Found a glowing silver altar of Zin.
   360 | D        | Found a glowing golden altar of the Shining One.
   360 | D        | Found a white marble altar of Elyvilon.
   361 | D        | Noticed a deep elf mage
   365 | D        | Killed a deep elf mage
   365 | D        | Reached ***** piety under Trog
   365 | D        | Reached skill level 11 in Axes
   365 | D        | Reached XP level 6. HP: 63/63 MP: 5/5
   365 | D        | Reached XP level 7. HP: 70/70 MP: 6/6
   407 | D        | Found a hide-covered altar of Uskayaw.
   407 | D        | Found a roughly hewn altar of Beogh.
   407 | D        | Found an iron altar of Okawaru.
   407 | D        | Found a bloodstained altar of Trog.
   407 | D        | Found an ornate altar of the Wu Jian Council.
   407 | D        | Noticed a human
   409 | D        | Noticed a human
   417 | D        | Killed a human
   417 | D        | Received a gift from Trog
   417 | D        | Reached skill level 12 in Axes
   420 | D        | Killed a human
   467 | D        | Killed a four-headed hydra
   540 | D        | Found a basalt altar of Yredelemnul.
   540 | D        | Found a shadowy altar of Dithmenos.
   540 | D        | Found a sacrificial altar of Ru.
   547 | D        | Reached skill level 10 in Fighting
   547 | D        | Reached skill level 13 in Axes
   637 | D        | Noticed a shadow
   642 | D        | Killed a shadow
   642 | D        | Reached XP level 8. HP: 75/78 MP: 7/7
   651 | D        | Found a blossoming altar of Fedhas.
   651 | D        | Found a stormy altar of Qazlal.
   651 | D        | Found a snail-covered altar of Cheibriados.
   651 | D        | Found a burning altar of Makhleb.
   651 | D        | Found a shimmering altar of Xom.
   652 | D        | Found a hazy altar of Hepliaklqana.
   652 | D        | Found an opulent altar of Gozag.
   652 | D        | Found a sparkling altar of Nemelex Xobeh.
   652 | D        | Found a corrupted altar of Lugonu.
   652 | D        | Found a viscous altar of Jiyva.
   674 | D        | Reached skill level 10 in Armour
   714 | D        | Noticed Snorg
   729 | D        | Slain by Snorg

Skill      XL: |  1  2  3  4  5  6  7  8 |
---------------+-------------------------+-----
Fighting       | 4 6 9 10 | 10.4
Axes           | 5 8 11 13 | 13.7
Armour         | 4 5 8 9 10 | 10.0
Dodging        | 3 5 7 9 |  9.2

Action                   |  1- 3 |  4- 6 |  7- 9 || total
-------------------------+-------+-------+-------++-------
Melee: Hand axe          |    24 |     6 |    24 ||    54
       Headbutt          |     8 |       |     8 ||    16
Invok: Berserk           |     1 |     2 |     3 ||     6
       Burn Spellbooks   |       |     1 |       ||     1
       Brothers in Arms  |       |       |     1 ||     1
 Stab: Sleeping          |     1 |       |       ||     1
  Eat: Chunk             |       |       |     5 ||     5
       Ration            |       |       |     1 ||     1
Armor: Animal skin       |     2 |       |       ||     2
       Plate armour      |       |       |     8 ||     8
Dodge: Dodged            |    13 |     1 |    18 ||    32
